Map: Crête de Lerilak

Players

LiVe

  • Race: Protoss Protoss
  • League: Diamond

Kamenashi - Winner!

  • Race: Terran Terran
  • League: Diamond

VOD

Have the link to the VOD?

Description

Time

  • Played on: April 24, 2016, 1:51 p.m.
  • Length: 11:56
Show
View Real Time Build Order
Export as new Build Order

LiVe Protoss 

Build Orders: 1 Gate Expand 

Get SALT Encoding   

  12  0:01  Probe (Chrono Boost)  
  13  0:11  Probe (Chrono Boost)  
  14  0:17  Pylon  
  14  0:23  Probe (Chrono Boost)  
  15  0:37  Gateway  
  15  0:38  Probe (Chrono Boost)  
  16  0:49  Probe (Chrono Boost)  
  17  1:00  Probe (Chrono Boost)  
  18  1:16  Nexus  
  18  1:21  Probe (Chrono Boost)  
  19  1:30  Cybernetics Core  
  19  1:34  Assimilator  
  19  1:37  Assimilator  
  19  1:49  Probe (Chrono Boost)  
  20  1:55  Pylon  
  20  2:00  Probe (Chrono Boost)  
  21  2:08  Adept (Chrono Boost)  
  23  2:15  Warp Gate, Probe  
  24  2:28  Probe  
  25  2:33  Adept (Chrono Boost)  
  27  2:44  Probe  
  27  2:50  Probe  
  28  2:54  Gateway  
  29  3:04  Probe  
  29  3:07  Probe  
  29  3:12  Robotics Facility  
  31  3:15  Probe  
  31  3:19  Probe  
  33  3:20  Twilight Council  
  33  3:25  Adept (Chrono Boost), Probe  
  36  3:35  Probe  
  36  3:36  Probe  
  38  3:46  Probe  
  38  3:47  Probe  
  40  3:56  Mothership Core  
  40  3:57  Resonating Glaives  
  40  3:59  Observer (Chrono Boost), Probe  
  44  4:08  Pylon  
  44  4:16  Probe  
  44  4:21  Gateway  
  44  4:23  Gateway, Observer (Chrono Boost)  
  46  4:26  Probe x2  
  46  4:27  Gateway  
  48  4:31  Adept x2  
  48  4:37  Probe  
  52  4:39  Pylon  
  52  4:40  Probe  
  54  4:51  Pylon  
  54  4:57  Warp Prism (Chrono Boost), Probe  
  57  5:00  Adept  
  57  5:01  Adept  
  61  5:15  Probe  
  61  5:20  Pylon  
  61  5:22  Pylon  
  61  5:26  Pylon  
  60  5:41  Probe  
  59  5:46  Assimilator  
  59  5:49  Assimilator  
  46  5:50  Gateway  
  46  5:51  Probe  
  46  5:53  Gateway  
  46  5:54  Adept x2  
  46  5:55  Adept x2  
  55  6:01  Pylon  
  55  6:02  Probe  
  56  6:08  Blink (Chrono Boost)  
  56  6:10  Warp Prism (Chrono Boost)  
  56  6:33  Pylon  
  56  6:36  Adept x5  
  58  6:53  Adept x2  
  60  7:01  Adept x5  
  56  7:12  Probe  
  49  7:16  Nexus  
  49  7:19  Robotics Bay  
  49  7:25  Adept  
  49  7:26  Adept  
  53  7:46  Robotics Facility  
  53  8:02  Probe  
  53  8:04  Stalker x3  
  53  8:05  Stalker x3  
  64  8:09  Probe  
  64  8:12  Probe  
  67  8:21  Disruptor (Chrono Boost), Probe  
  67  8:23  Probe  
  67  8:26  Robotics Facility  
  69  8:29  Sentry x2  
  69  8:31  Sentry  
  69  8:33  Probe x2  
  76  8:41  Disruptor (Chrono Boost)  
  80  8:44  Pylon  
  80  8:47  Probe  
  80  8:48  Probe  
  80  8:50  Probe  
  80  8:54  Stalker  
  83  8:58  Probe  
  83  8:59  Probe  
  83  9:02  Probe  
  88  9:05  Warp Prism (Chrono Boost)  
  88  9:08  Probe  
  88  9:16  Immortal (Chrono Boost)  
  93  9:20  Assimilator  
  97  9:24  Assimilator  
  97  9:25  Probe  
  97  9:28  Immortal (Chrono Boost)  
  98  9:36  Adept  
  98  9:37  Adept  
  103  9:39  Observer (Chrono Boost)  
  103  9:46  Adept x2  
  103  9:47  Adept  
  103  9:50  Observer (Chrono Boost)  
  109  9:58  Pylon  
  104  10:00  Observer (Chrono Boost)  
  104  10:06  Pylon  
  104  10:07  Adept  
  95  10:08  Adept x3  
  94  10:16  Adept x2  
  93  10:32  Adept x2  
  88  10:48  Pylon  
  88  10:49  Adept x2, Pylon  
  92  10:52  Immortal (Chrono Boost)  
  92  10:54  Immortal (Chrono Boost)  
  96  11:07  Adept x2  
  100  11:12  Immortal (Chrono Boost)  
  100  11:17  Adept x4  
  119  11:39  Adept x4  
  119  11:40  Adept  
Show
View Real Time Build Order
Export as new Build Order

Kamenashi Terran - Winner!

Build Orders: Liberator Opening, Reaper Expand, MMM Bio 

Get SALT Encoding   

  12  0:01  SCV  
  13  0:13  SCV  
  14  0:18  Supply Depot  
  14  0:25  SCV  
  15  0:39  SCV  
  15  0:42  Barracks  
  16  0:45  Refinery  
  16  0:51  SCV  
  17  1:03  SCV  
  18  1:15  SCV  
  19  1:29  Orbital Command  
  19  1:30  Reaper  
  20  1:47  Command Center  
  20  1:57  SCV  
  20  1:59  Supply Depot  
  21  2:04  Barracks Reactor  
  21  2:25  SCV  
  22  2:30  Factory  
  22  2:31  Refinery  
  22  2:37  SCV  
  23  2:46  Marine x2  
  25  2:55  SCV  
  26  3:07  SCV  
  26  3:08  Orbital Command, Marine x2  
  29  3:17  Factory Tech Lab  
  29  3:18  Starport  
  29  3:19  SCV  
  30  3:26  Marine x2  
  32  3:31  SCV  
  32  3:38  Orbital Command  
  32  3:39  Cyclone  
  36  3:43  SCV  
  36  3:45  Marine  
  36  3:46  Marine  
  38  3:55  SCV  
  38  3:59  Liberator  
  39  4:08  SCV  
  40  4:10  Command Center  
  40  4:12  SCV, Marine x2  
  46  4:25  Supply Depot  
  46  4:41  Supply Depot  
  46  4:46  SCV x2, Marine x2, Siege Tank  
  53  4:59  SCV  
  54  5:00  Barracks  
  54  5:02  Barracks, SCV  
  54  5:05  Marine x2  
  57  5:08  Medivac  
  57  5:11  SCV  
  57  5:12  Bunker  
  59  5:14  SCV  
  60  5:24  Orbital Command  
  54  5:38  Refinery  
  54  5:40  Marine x2  
  54  5:41  SCV, Refinery  
  54  5:42  Siege Tank  
  53  5:48  SCV  
  47  5:50  SCV  
  47  5:53  SCV  
  47  5:56  Barracks Tech Lab x2  
  49  6:00  SCV  
  50  6:09  Marine x2  
  52  6:13  SCV  
  53  6:18  Medivac  
  53  6:19  SCV  
  53  6:20  Combat Shields  
  53  6:21  Stimpack, Marine x2  
  53  6:22  SCV  
  59  6:26  SCV  
  59  6:27  Marine  
  59  6:31  SCV  
  62  6:37  SCV  
  63  6:47  Marine x2  
  57  6:53  SCV  
  58  6:54  SCV, Marine  
  58  6:55  Marine  
  58  6:56  SCV, Siege Tank  
  61  7:05  SCV  
  61  7:08  SCV  
  55  7:09  SCV, Marine x2  
  53  7:18  SCV  
  55  7:22  SCV  
  55  7:26  Marine  
  55  7:27  Marine x3  
  59  7:48  SCV  
  59  7:51  SCV x2  
  61  8:00  SCV  
  61  8:04  Marine  
  61  8:05  Marauder, Concussive Shells, Marine x2  
  65  8:06  SCV, Medivac  
  65  8:07  Siege Tank  
  71  8:14  SCV x2  
  71  8:18  SCV  
  74  8:24  Supply Depot  
  74  8:26  SCV  
  74  8:27  Supply Depot  
  75  8:35  Marine x2  
  77  8:45  SCV x3  
  77  8:46  Marauder x2  
  84  8:49  Supply Depot x2  
  84  8:52  Starport Reactor  
  84  8:55  Marine x2  
  84  8:57  SCV x2  
  88  9:03  SCV, Engineering Bay  
  88  9:04  Engineering Bay  
  89  9:10  Marauder x2  
  89  9:16  Barracks  
  93  9:17  Barracks  
  93  9:18  SCV  
  93  9:21  SCV, Starport  
  93  9:22  SCV  
  93  9:23  Factory Reactor  
  96  9:27  Marine x2  
  96  9:30  SCV, Medivac x2  
  103  9:33  SCV  
  103  9:34  SCV  
  103  9:37  Terran Infantry Weapons Level 1  
  105  9:54  Liberator  
  105  9:58  Liberator  
  99  10:01  Marauder, Marine x2  
  99  10:03  Marine x2  
  105  10:10  Marine  
  105  10:12  Starport Reactor  
  108  10:18  Marine x2  
  108  10:23  Marauder  
  108  10:24  Marine  
  108  10:28  Marine  
  109  10:29  Marauder  
  103  10:40  Marine x2  
  103  10:42  Marauder  
  107  10:44  Marauder  
  109  10:52  Marauder  
  109  10:55  Medivac  
  106  10:57  Marine  
  106  10:58  Marine, Medivac  
  106  11:03  SCV  
  109  11:04  Orbital Command  
  109  11:10  Armory  
  109  11:15  Supply Depot x3  
  109  11:23  SCV  
  109  11:24  Marauder x3  
  119  11:37  Missile Turret  
Tags
 
Add a new tag
Caveats
  • Supply blocks, unpowered buildings, or Contaminate may cause inaccurate times.
  • Supply counts are checked every 10 seconds.